TOP OF THE 1ST |
Michigan State Spartans batting - Pitching for Nebraska Cornhuskers : RHP Salvador Caro
|
Pitching: RHP Salvador Caro
|
|
Batting: RHB Jorge Carranza
|
0-0: Ball 1-0: Foul Ball, location: 2F 1-1: Ball 2-1: Foul Ball, location: 2F 2-2: Ball 3-2: Foul Ball, location: 2F 3-2: Base on Balls
|
Batting: LHB Cliff Mills
|
0-0: Ball 1-0: Ground out 4-3 (Groundball, 4M) Jorge Carranza to second
|
Batting: RHB Ryan Nelson
|
0-0: Ball 1-0: 2-RUN HOME RUN (Flyball, 89XD), Distance : 371 ft
|
Batting: LHB José Arce
|
0-0: Ball 1-0: Called Strike 1-1: Foul Ball, location: 2F 1-2: Ball 2-2: Strikes out swinging
|
Batting: RHB Ryan Miller
|
0-0: Ball 1-0: Swinging Strike 1-1: Foul Ball, location: 2F 1-2: Strikes out swinging
|
Top of the 1st over - 2 run(s), 1 hit(s), 0 error(s), 0 left on base; Michigan State 2 - Nebraska 0 |
BOTTOM OF THE 1ST |
Nebraska Cornhuskers batting - Pitching for Michigan State Spartans : LHP Anastasio Cintrón
|
Pitching: LHP Anastasio Cintrón
|
|
Batting: RHB Tony Barton
|
0-0: Foul Ball, location: 2F 0-1: Ground out 4-3 (Groundball, 4)
|
Batting: RHB Jim Heath
|
0-0: Fly out, F4 (Popup, 4MD)
|
Batting: RHB Tony Long
|
0-0: Ball 1-0: Swinging Strike 1-1: Foul Ball, location: 2F 1-2: SOLO HOME RUN (Flyball, 7LD), Distance : 339 ft
|
Batting: LHB Dusty Wilson
|
0-0: Ball 1-0: Called Strike 1-1: Foul Ball, location: 2F 1-2: Ball 2-2: Foul Ball, location: 2F 2-2: Foul Ball, location: 2F 2-2: Strikes out looking
|
Bottom of the 1st over - 1 run(s), 1 hit(s), 0 error(s), 0 left on base; Michigan State 2 - Nebraska 1 |
TOP OF THE 2ND |
Michigan State Spartans batting - Pitching for Nebraska Cornhuskers : RHP Salvador Caro
|
Batting: RHB Arthur Hopkins
|
0-0: SINGLE (Flyball, 7S) - OUT at second base trying to stretch hit.
|
Batting: RHB Nelson Wright
|
0-0: Foul Ball, location: 2F 0-1: Called Strike 0-2: Ball 1-2: Strikes out swinging
|
Batting: RHB Nick Whitehead
|
0-0: Ball 1-0: Ball 2-0: Called Strike 2-1: Ground out 4-3 (Groundball, 4MS)
|
Top of the 2nd over - 0 run(s), 1 hit(s), 0 error(s), 0 left on base; Michigan State 2 - Nebraska 1 |
BOTTOM OF THE 2ND |
Nebraska Cornhuskers batting - Pitching for Michigan State Spartans : LHP Anastasio Cintrón
|
Batting: SHB Carl Rivers
|
0-0: Foul Ball, location: 2F 0-1: Foul Ball, location: 2F 0-2: Ball 1-2: Strikes out swinging
|
Batting: RHB Miguel García
|
0-0: Called Strike 0-1: Swinging Strike 0-2: Strikes out looking
|
Batting: RHB Júlio Franco
|
0-0: SINGLE (Line Drive, 8RS)
|
Batting: RHB António Rodríguez
|
0-0: Ball 1-0: Called Strike 1-1: Foul Ball, location: 2F 1-2: Fly out, F8 (Flyball, 8RS)
|
Bottom of the 2nd over - 0 run(s), 1 hit(s), 0 error(s), 1 left on base; Michigan State 2 - Nebraska 1 |
TOP OF THE 3RD |
Michigan State Spartans batting - Pitching for Nebraska Cornhuskers : RHP Salvador Caro
|
Batting: RHB Spike Walters
|
0-0: Called Strike 0-1: Foul Ball, location: 2F 0-2: Strikes out looking
|
Batting: RHB Jorge Carranza
|
0-0: Ground out 1-3 (Groundball, 23)
|
Batting: LHB Cliff Mills
|
0-0: Ball 1-0: Fly out, F9 (Flyball, 89S)
|
Top of the 3rd over - 0 run(s), 0 hit(s), 0 error(s), 0 left on base; Michigan State 2 - Nebraska 1 |
BOTTOM OF THE 3RD |
Nebraska Cornhuskers batting - Pitching for Michigan State Spartans : LHP Anastasio Cintrón
|
Batting: LHB Phil Krieger
|
0-0: Ball 1-0: Swinging Strike 1-1: Foul Ball, location: 2F 1-2: SOLO HOME RUN (Flyball, 9D), Distance : 371 ft
|
Batting: RHB Tony Barton
|
0-0: Swinging Strike 0-1: Ball 1-1: Ball 2-1: Foul Ball, location: 2F 2-2: Strikes out swinging
|
Batting: RHB Jim Heath
|
0-0: Foul Ball, location: 2F 0-1: Foul Ball, location: 2F 0-2: Strikes out looking
|
Batting: RHB Tony Long
|
0-0: Foul Ball, location: 2F 0-1: Ball 1-1: Called Strike 1-2: Strikes out looking
|
Bottom of the 3rd over - 1 run(s), 1 hit(s), 0 error(s), 0 left on base; Michigan State 2 - Nebraska 2 |
TOP OF THE 4TH |
Michigan State Spartans batting - Pitching for Nebraska Cornhuskers : RHP Salvador Caro
|
Batting: RHB Ryan Nelson
|
0-0: Swinging Strike 0-1: Fly out, F3 (Popup, 3L)
|
Batting: LHB José Arce
|
0-0: Ball 1-0: Ground out 4-3 (Groundball, 4)
|
Batting: RHB Ryan Miller
|
0-0: Ground out 4-3 (Groundball, 4)
|
Top of the 4th over - 0 run(s), 0 hit(s), 0 error(s), 0 left on base; Michigan State 2 - Nebraska 2 |
BOTTOM OF THE 4TH |
Nebraska Cornhuskers batting - Pitching for Michigan State Spartans : LHP Anastasio Cintrón
|
Batting: LHB Dusty Wilson
|
0-0: DOUBLE (Groundball, 3L)
|
Batting: SHB Carl Rivers
|
0-0: Fly out, F9 (Flyball, 9M)
|
Batting: RHB Miguel García
|
0-0: Fly out, F3 (Popup, 3F)
|
Batting: RHB Júlio Franco
|
0-0: Called Strike 0-1: Ball 1-1: Fly out, F8 (Flyball, 8RM)
|
Bottom of the 4th over - 0 run(s), 1 hit(s), 0 error(s), 1 left on base; Michigan State 2 - Nebraska 2 |
TOP OF THE 5TH |
Michigan State Spartans batting - Pitching for Nebraska Cornhuskers : RHP Salvador Caro
|
Batting: RHB Arthur Hopkins
|
0-0: Fly out, F3 (Popup, 3F)
|
Batting: RHB Nelson Wright
|
0-0: SINGLE (Groundball, 6D)
|
Batting: RHB Nick Whitehead
|
0-0: Ball 1-0: Called Strike 1-1: Ball 2-1: Called Strike 2-2: SINGLE (Groundball, 56D) (infield hit) Nelson Wright to second
|
Batting: RHB Spike Walters
|
0-0: Called Strike 0-1: Foul Ball, location: 2F 0-2: Ball 1-2: Ball 2-2: Grounds into double play, 6-4-3 (Groundball, 6)
|
Top of the 5th over - 0 run(s), 2 hit(s), 0 error(s), 1 left on base; Michigan State 2 - Nebraska 2 |
BOTTOM OF THE 5TH |
Nebraska Cornhuskers batting - Pitching for Michigan State Spartans : LHP Anastasio Cintrón
|
Batting: RHB António Rodríguez
|
0-0: Ball 1-0: Called Strike 1-1: Called Strike 1-2: Ball 2-2: Ball 3-2: Foul Ball, location: 2F 3-2: Strikes out swinging
|
Batting: LHB Phil Krieger
|
0-0: Foul Ball, location: 2F 0-1: Ground out 6-3 (Groundball, 6M)
|
Pitching: RHP Jesús Fabián
|
|
Batting: RHB Tony Barton
|
0-0: Swinging Strike 0-1: Ball 1-1: Swinging Strike 1-2: SOLO HOME RUN (Flyball, 7D), Distance : 346 ft
|
Batting: RHB Jim Heath
|
0-0: Called Strike 0-1: Ball 1-1: Ball 2-1: Ground out 5-3 (Groundball, 5S)
|
Bottom of the 5th over - 1 run(s), 1 hit(s), 0 error(s), 0 left on base; Michigan State 2 - Nebraska 3 |
TOP OF THE 6TH |
Michigan State Spartans batting - Pitching for Nebraska Cornhuskers : RHP Salvador Caro
|
Batting: RHB Jorge Carranza
|
0-0: Ball 1-0: Foul Ball, location: 2F 1-1: DOUBLE (Line Drive, 7LM)
|
Batting: LHB Cliff Mills
|
0-0: Ball 1-0: Ball Passed Ball! Jorge Carranza to third 2-0: Foul Ball, location: 2F 2-1: SINGLE (Line Drive, 89M) Jorge Carranza scores
|
Batting: RHB Ryan Nelson
|
0-0: Fielders Choice at 2nd, 3-6 (Groundball, 3)
|
Batting: LHB José Arce
|
0-0: Called Strike 0-1: Swinging Strike 0-2: Foul Ball, location: 2F 0-2: Ball 1-2: Strikes out swinging
|
Batting: RHB Ryan Miller
|
0-0: Ball 1-0: Ball 2-0: Called Strike 2-1: Ball 3-1: Base on Balls Ryan Nelson to second
|
Batting: RHB Arthur Hopkins
|
0-0: Ground out 3-1 (Groundball, 34)
|
Top of the 6th over - 1 run(s), 2 hit(s), 0 error(s), 2 left on base; Michigan State 3 - Nebraska 3 |
BOTTOM OF THE 6TH |
Nebraska Cornhuskers batting - Pitching for Michigan State Spartans : RHP Jesús Fabián
|
Batting: RHB Tony Long
|
0-0: Swinging Strike 0-1: Ball 1-1: Ground out 5-3 (Groundball, 5)
|
Batting: LHB Dusty Wilson
|
0-0: Ball 1-0: Foul Ball, location: 2F 1-1: Foul Ball, location: 2F 1-2: Strikes out swinging
|
Batting: SHB Carl Rivers
|
0-0: Ball 1-0: Swinging Strike 1-1: Foul Ball, location: 2F 1-2: Strikes out swinging
|
Bottom of the 6th over - 0 run(s), 0 hit(s), 0 error(s), 0 left on base; Michigan State 3 - Nebraska 3 |
TOP OF THE 7TH |
Michigan State Spartans batting - Pitching for Nebraska Cornhuskers : RHP Salvador Caro
|
Batting: RHB Nelson Wright
|
0-0: Foul Ball, location: 2F 0-1: Called Strike 0-2: Strikes out looking
|
Batting: RHB Nick Whitehead
|
0-0: Ball 1-0: Fly out, F9 (Flyball, 9M)
|
Batting: RHB Spike Walters
|
0-0: Called Strike 0-1: Called Strike 0-2: Strikes out swinging
|
Top of the 7th over - 0 run(s), 0 hit(s), 0 error(s), 0 left on base; Michigan State 3 - Nebraska 3 |
BOTTOM OF THE 7TH |
Nebraska Cornhuskers batting - Pitching for Michigan State Spartans : RHP Jesús Fabián
|
Batting: RHB Miguel García
|
0-0: Called Strike 0-1: SINGLE (Groundball, 5D)
|
Batting: RHB Júlio Franco
|
0-0: Bunt missed! 0-1: Sac Bunt - play at first, batter OUT! 5-4 Miguel García to second
|
Batting: RHB António Rodríguez
|
0-0: Fly out, F6 (Popup, 6MD)
|
Batting: LHB Phil Krieger
|
0-0: Ball 1-0: SINGLE (Groundball, 34S) Miguel García to third Runner from 3rd tries for Home, SAFE, throw made home
|
Batting: RHB Tony Barton
|
0-0: Ball 1-0: Called Strike 1-1: Foul Ball, location: 2F 1-2: Foul Ball, location: 2F 1-2: Ball 2-2: Strikes out swinging
|
Bottom of the 7th over - 1 run(s), 2 hit(s), 0 error(s), 1 left on base; Michigan State 3 - Nebraska 4 |
TOP OF THE 8TH |
Michigan State Spartans batting - Pitching for Nebraska Cornhuskers : RHP Salvador Caro
|
Batting: RHB Jorge Carranza
|
0-0: Ball 1-0: Ground out 4-3 (Groundball, 4)
|
Pitching: RHP Ronald Roark
|
|
Batting: LHB Cliff Mills
|
0-0: Called Strike 0-1: Swinging Strike 0-2: Ball 1-2: Ball 2-2: Ball 3-2: Strikes out swinging
|
Batting: RHB Ryan Nelson
|
0-0: Ball 1-0: Ball 2-0: Ball 3-0: Base on Balls
|
Pitching: LHP Darryl Burgess
|
|
Batting: LHB José Arce
|
0-0: Ball 1-0: Called Strike 1-1: Ball 2-1: Ball 3-1: Base on Balls Ryan Nelson to second
|
Pitching: RHP Roy Román
|
|
Batting: RHB Ryan Miller
|
0-0: Ball 1-0: Foul Ball, location: 2F 1-1: Ball 2-1: Ball 3-1: Foul Ball, location: 2F 3-2: Strikes out swinging
|
Top of the 8th over - 0 run(s), 0 hit(s), 0 error(s), 2 left on base; Michigan State 3 - Nebraska 4 |
BOTTOM OF THE 8TH |
Nebraska Cornhuskers batting - Pitching for Michigan State Spartans : RHP Jesús Fabián
|
Pitching: RHP Darren Payne
|
|
Batting: RHB Jim Heath
|
0-0: Called Strike 0-1: Ball 1-1: Swinging Strike 1-2: Ball 2-2: Strikes out swinging
|
Batting: RHB Tony Long
|
0-0: Ball 1-0: Called Strike 1-1: Ball 2-1: Ground out 6-3 (Groundball, 6M)
|
Batting: LHB Dusty Wilson
|
0-0: Called Strike 0-1: Swinging Strike 0-2: Ball 1-2: Ball 2-2: SINGLE (Line Drive, 9LS)
|
Batting: SHB Carl Rivers
|
0-0: Called Strike Dusty Wilson is caught stealing 2nd base
|
Bottom of the 8th over - 0 run(s), 1 hit(s), 0 error(s), 0 left on base; Michigan State 3 - Nebraska 4 |
TOP OF THE 9TH |
Michigan State Spartans batting - Pitching for Nebraska Cornhuskers : RHP Roy Román
|
Pitching: LHP Miguel Meneces
|
|
Batting: RHB Arthur Hopkins
|
0-0: Called Strike 0-1: Called Strike 0-2: Strikes out looking
|
Batting: RHB Nelson Wright
|
0-0: Called Strike 0-1: Foul Ball, location: 2F 0-2: Strikes out swinging
|
Pinch Hitting: RHB Scott Juárez
|
0-0: Ball 1-0: Ball 2-0: Foul Ball, location: 2F 2-1: Foul Ball, location: 2F 2-2: Strikes out swinging
|
Top of the 9th over - 0 run(s), 0 hit(s), 0 error(s), 0 left on base; Michigan State 3 - Nebraska 4 |
|